 Dungeon Crawl Stone Soup version 0.30-a0-7-g94fe547ab8 (webtiles) character file.

Game seed: 156379458155832484

592 Ijustatesigmund the Chopper (level 7, -7/96 HPs)
             Began as a Hill Orc Fighter on Aug 23, 2022.
             Was an Initiate of Cheibriados.
             Mangled by Prince Ribbit (14 damage)
             ... on level 5 of the Dungeon.
             The game lasted 00:07:35 (5297 turns).

Ijustatesigmund the Chopper (Hill Orc Fighter)      Turns: 5297, Time: 00:07:36

Health: -7/96      AC: 14    Str: 18 (20) XL:     7   Next: 39%
Magic:  7/7        EV:  5    Int:  8 (11) God:    Cheibriados [......]
Gold:   166        SH:  4    Dex: 10 (11) Spells: 6/6 levels left

rFire   . . .      SeeInvis +    a - +1 war axe
rCold   . . .      Faith    .    c - +0 buckler
rNeg    . . .      Spirit   .    b - +0 plate armour
rPois   .          Reflect  .    d - +1 helmet
rElec   .          Harm     .    (no cloak)
rCorr   .          Rampage  .    (no gloves)
Will    .....                    (no boots)
Stlth   ..........               (no amulet)
HPRegen 0.26/turn                e - ring of see invisible
MPRegen 0.10/turn                (no ring)

@: berserking, invisible, very slow
A: subdued magic 1, noise suppression
a: Renounce Religion


You were on level 5 of the Dungeon.
You worshipped Cheibriados.
Cheibriados was noncommittal.
You visited 2 branches of the dungeon, and saw 6 of its levels.
You also visited: Sewer.

You collected 166 gold pieces.

Inventory:

Hand Weapons
 a - a +1 war axe (weapon)
Armour
 b - a +0 plate armour (worn)
 c - a +0 buckler (worn)
 d - a +1 helmet (worn)
Jewellery
 e - a ring of see invisible (left hand)
 n - a ring of ice
 r - a ring of magical power
Scrolls
 i - 2 scrolls of enchant armour
 k - 2 scrolls of teleportation
 m - a scroll of enchant weapon
Potions
 f - a potion of haste
 h - a potion of might
 j - a potion of brilliance {unknown}
 p - a potion of heal wounds {unknown}
 q - 2 potions of mutation
 s - 2 potions of attraction {unknown}


   Skills:
 + Level 6.6 Fighting
 + Level 6.7 Axes
 + Level 5.2 Armour
 - Level 3.2 Shields
 + Level 1.2 Invocations


You had 6 spell levels left.
You didn't know any spells.
Your spell library contained the following spells:

 Spells                   Type           Power      Damage    Failure   Level
 Foxfire                  Conj/Fire      0%         2x1d4     100%        1
 Conjure Flame            Conj/Fire      0%         6-21      100%        3
 Gell's Gravitas          Tloc           0%         N/A       100%        3
 Inner Flame              Hex/Fire       0%         N/A       100%        3
 Teleport Other           Tloc           0%         N/A       100%        3
 Flame Wave               Conj/Fire      0%         2d4       100%        4
 Dispersal                Tloc           0%         N/A       100%        6


Dungeon Overview and Level Annotations

Branches:
Dungeon (5/15)             Temple (1/1) D:4           Sewer (visited)

Altars:
Ashenzari
Cheibriados
Dithmenos
Elyvilon
Fedhas
Gozag
Kikubaaqudgha
Makhleb
Nemelex Xobeh
Okawaru
Qazlal
Ru
Sif Muna
Trog
Uskayaw
Vehumet
Wu Jian
Xom
Yredelemnul
Zin
The Shining One

Annotations:
D:5 Prince Ribbit


Innate Abilities, Weirdness & Mutations

Your spells are a little easier to cast, but a little less powerful.
You passively dampen the noise of your surroundings.


Message History

* * * LOW HITPOINT WARNING * * *
You are too injured to fight recklessly!
You are too injured to fight recklessly!
You are too injured to fight recklessly!
You are too injured to fight recklessly!
You are too injured to fight recklessly!
You are too injured to fight recklessly!
You are too injured to fight recklessly!
You are too injured to fight recklessly!
You are too injured to fight recklessly!
You are too injured to fight recklessly!
You are too injured to fight recklessly!
You are too injured to fight recklessly!
You are too injured to fight recklessly!
You are too injured to fight recklessly!
You are too injured to fight recklessly!
It was a potion of mutation.
You feel extremely strange.
Your connection to magic feels subdued.
You feel your surroundings grow quieter.
Prince Ribbit hits you.
* * * LOW HITPOINT WARNING * * *
You miss Prince Ribbit.
Prince Ribbit is moderately wounded.
Prince Ribbit barely misses you. You block Prince Ribbit's attack.
You closely miss Prince Ribbit.
Prince Ribbit is moderately wounded.
Prince Ribbit hits you.
* * * LOW HITPOINT WARNING * * *
It was a potion of invisibility.
You fade into invisibility!
Prince Ribbit hits you but does no damage. x2
It was a potion of degeneration.
There was something very wrong with that liquid.
You feel weakened.
You feel dopey.
You feel clumsy. Prince Ribbit barely misses you.
It was a potion of berserk rage.
A red film seems to cover your vision as you go berserk!
Cheibriados protects you from inadvertent hurry.
You feel mighty! Prince Ribbit hits you!
You die...

.# ..## ### #.......###
#.# ###
###.........###.##..###
#...........#.........#
........#.#.#..F.....#
#........#.#....@.....#
...........#...)......#
.........##...........#
###....................#
..#..###..........##..##
......#.........### ..#
.....#...#.##..## ..#
.....#)##..#...# ..
.......<##.###...


You could see Prince Ribbit (unable to see you).

Vanquished Creatures
  A kobold brigand (Sewer)
  3 hounds
  An orc priest (D:4)
  An iguana (D:5)
  Robin (D:3)
  7 gnolls
  16 adders
  3 river rats (Sewer)
  An ufetubus (D:4)
  5 worms
  2 dart slugs
  4 orcs
  4 endoplasms
  4 giant cockroaches
  11 hobgoblins
  6 jackals
  6 kobolds
  5 quokkas
  11 ball pythons
  3 bats
  6 frilled lizards
  11 goblins
  10 rats
122 creatures vanquished.

Vanquished Creatures (others)
  19 plants (Sewer)
19 creatures vanquished.

Grand Total: 141 creatures vanquished

Notes
Turn   | Place    | Note
-------+----------+-------------------------------------------
     0 | D:1      | Ijustatesigmund the Hill Orc Fighter began the quest for
                  | the Orb.
     0 | D:1      | Reached XP level 1. HP: 19/19 MP: 1/1
    26 | D:1      | Found a faded altar of an unknown god.
   269 | D:1      | Reached XP level 2. HP: 15/27 MP: 2/2
   788 | D:1      | Reached XP level 3. HP: 31/34 MP: 3/3
  1249 | D:2      | Reached XP level 4. HP: 41/41 MP: 4/4
  1387 | D:2      | Reached skill level 5 in Fighting
  2463 | D:3      | Noticed Robin
  2467 | D:3      | Reached XP level 5. HP: 36/48 MP: 5/5
  2472 | D:3      | Killed Robin
  2473 | D:3      | Reached skill level 5 in Axes
  2694 | D:4      | Found a staircase to the Ecumenical Temple.
  2834 | D:4      | Reached XP level 6. HP: 3/57 MP: 6/6
  2884 | D:4      | Found a glowing drain.
  2904 | Sewer    | Entered a sewer
  4070 | D:4      | Reached XP level 7. HP: 54/61 MP: 7/7
  4309 | D:4      | Reached skill level 5 in Armour
  4619 | Temple   | Entered the Ecumenical Temple
  5014 | Temple   | Became a worshipper of Cheibriados the Contemplative
  5067 | D:5      | Entered Level 5 of the Dungeon
  5100 | D:5      | Reached skill level 1 in Invocations
  5281 | D:5      | Noticed Prince Ribbit
  5292 | D:5      | Gained mutation: Your spells are a little easier to cast,
                  | but a little less powerful. [potion of mutation]
  5292 | D:5      | Gained mutation: You passively dampen the noise of your
                  | surroundings. [potion of mutation]
  5297 | D:5      | Mangled by Prince Ribbit

Illustrated notes

Levels and vault maps discovered:
D:1:      ncdulo_halloftheorcs, layout_rooms, ebering_ecumenical_altar_ruins
D:2:      layout_basic
D:3:      layout_loops_cross, uniq_robin
D:4:      layout_loops_ring, minmay_temple_entry_glass,
          cheibrodos_sewer_entry_bend
D:5:      layout_cave_pools, uniq_prince_ribbit1
Temple:   mainiacjoe_temple_trianglar_array

Skill      XL: |  1  2  3  4  5  6  7 |
---------------+----------------------+-----
Axes           | 3 4 5 6 |  6.7
Fighting       | 4 5 6 |  6.6
Armour         | 4 5 |  5.2
Invocations    | 1 |  1.2
Shields        | |  3.2

Action                   |  1- 3 |  4- 6 |  7- 9 || total
-------------------------+-------+-------+-------++-------
Melee: War axe           |    72 |   254 |    55 ||   381
  Use: Potion            |     1 |     2 |     4 ||     7
       Scroll            |       |    11 |       ||    11
Armor: Scale mail        |    47 |     6 |       ||    53
       Plate armour      |       |   186 |    33 ||   219
Dodge: Dodged            |    43 |    81 |    10 ||   134
Block: Buckler           |    15 |    57 |    12 ||    84

Table legend: (Time is in decaauts)
 A = Elapsed time spent in this place.
 B = Non-inter-level travel time spent in this place.
 C = Inter-level travel time spent in this place.
 D = Time resting spent in this place.
 E = Time spent auto-exploring this place.
 F = Levels seen in this place.
 G = Mean time per level.
                   A        B        C        D        E       F      G
               +--------+--------+--------+--------+--------+-----+--------+
         Total |   5534 |   5375 |    159 |    483 |   3939 |   7 |  790.6 |
       Dungeon |   3908 |   3827 |     81 |    243 |   2860 |   5 |  781.6 |
        Temple |    442 |    364 |     78 |      0 |    361 |   1 |  442.0 |
         Sewer |   1183 |   1183 |      0 |    240 |    717 |   1 | 1183.0 |
               +--------+--------+--------+--------+--------+-----+--------+

Top non-repeatable levels by time:
   Sewer: 1183 daAuts
     D:2: 1036 daAuts
     D:1: 949 daAuts
     D:4: 920 daAuts
     D:3: 755 daAuts
  Temple: 442 daAuts
     D:5: 247 daAuts
